 Dungeon Crawl Stone Soup version 0.31.0-1-g2c135a0 (webtiles) character file.

Game seed: 10548763030937078942

54 jagoly the Trooper (level 3, -1/24 HPs)
             Began as a Gargoyle Monk on Jan 26, 2024.
             Slain by a cerulean imp
             ... wielding a +0 spear
             ... summoned by Natasha
              (3 damage)
             ... on level 2 of the Dungeon.
             The game lasted 00:03:29 (580 turns).

jagoly the Trooper (Gargoyle Monk)                   Turns: 580, Time: 00:03:29

Health: -1/24      AC:  9    Str: 16    XL:     3   Next: 91%
Magic:  3/3        EV: 11    Int: 10    God:
Gold:   74         SH:  0    Dex: 12    Spells: 2/2 levels left

rFire   . . .        a - +0 hand axe
rCold   . . .        d - orb {light}
rNeg    + . .        f - +0 ring mail
rPois   ∞            (no helmet)
rElec   +            (no cloak)
rCorr   .            (no gloves)
SInv    .            k - +0 pair of boots
Will    .....        (no amulet)
Stlth   +            (no ring)
HPRegen 0.24/turn    (no ring)
MPRegen 0.08/turn

%: no passive effects
@: glowing
A: sickness immunity, AC +3, negative energy resistance 1, electricity
resistance, torment resistance 1, petrification resistance
a: no special abilities


You were on level 2 of the Dungeon.
You visited 1 branch of the dungeon, and saw 3 of its levels.

You collected 74 gold pieces.

Inventory:

Hand Weapons
 a - a +0 hand axe (weapon)
 l - a +0 spear
 m - a +4 short sword
Missiles
 g - 11 stones (quivered)
 n - 6 poisoned darts
Armour
 b - a +0 robe
 d - an orb of light (worn)
 f - a +0 ring mail (worn)
 k - a +0 pair of boots (worn)
Scrolls
 j - 3 scrolls of identify {unknown}
Potions
 c - a potion of ambrosia
 e - a potion of mutation {unknown}
 h - a potion of haste {unknown}
 i - a potion of berserk rage {unknown}


   Skills:
 + Level 3.8 Fighting
 * Level 3.5 Axes
 + Level 1.3 Armour
 - Level 2.4 Dodging
 - Level 1.0 Stealth


You had 2 spell levels left.
You didn't know any spells.
Your spell library was empty.

Dungeon Overview and Level Annotations

Branches:
Dungeon (3/15) Zot: 17405

Altars:
Qazlal

Annotations:
D:2 Natasha


Innate Abilities, Weirdness & Mutations

You are immune to sickness and miasma.
Your stone body is resilient. (AC +3)
You are immune to poison.
You resist negative energy. (rN+)
You are resistant to electric shocks. (rElec)
You are resistant to unholy torment.
You are immune to petrification.


Message History

Press ? for a list of commands and other information.
Found a rapier.
Found a staircase leading out of the dungeon.
You open the door.
There is an open door here.
You open the door. You open the door.
Found 9 gold pieces.
Found 4 gold pieces.
There is an open door here.
An endoplasm comes into view.
You see here 9 gold pieces.
You now have 9 gold pieces.
You hit the endoplasm.
The endoplasm is moderately wounded.
The endoplasm freezes you.
You are frozen.
You hit the endoplasm.
You kill the endoplasm!
No target in view!
No target in view!
Found a ring mail.
Found 5 gold pieces.
You now have 13 gold pieces (gained 4).
Found a coppery potion.
You now have 18 gold pieces (gained 5).
A quokka comes into view.
You see here a coppery potion.
A frilled lizard comes into view.
The frilled lizard hisses angrily.
A hobgoblin and a rat come into view.
The rat squeaks loudly.
The quokka closely misses you.
You hit the quokka.
The quokka is heavily wounded.
The quokka barely misses you. The quokka closely misses you.
You barely miss the quokka.
The quokka is heavily wounded.
The quokka completely misses you.
You hit the quokka.
You kill the quokka!
You barely miss the frilled lizard. You hit the rat.
You kill the rat!
The frilled lizard bites you but does no damage. x2
You hit the frilled lizard.
You kill the frilled lizard!
You hit the hobgoblin but do no damage. The hobgoblin misses you.
You hit the hobgoblin.
The hobgoblin is moderately wounded.
The hobgoblin hits you.
You hit the hobgoblin but do no damage.
The hobgoblin is moderately wounded.
The hobgoblin closely misses you.
You hit the hobgoblin.
The hobgoblin is heavily wounded.
The hobgoblin hits you.
You barely miss the hobgoblin.
The hobgoblin is heavily wounded.
The hobgoblin closely misses you.
You hit the hobgoblin.
You kill the hobgoblin!
No target in view!
No target in view!
e - a coppery potion HP restored.
You see here a +0 ring mail.
You start removing your armour.
You continue taking off your +0 robe.
HP restored.
You continue taking off your +0 robe. x3
You finish taking off your +0 robe.
You start putting on your armour.
You continue putting on your +0 ring mail. x5
You finish putting on your +0 ring mail.
A kobold comes into view. It is wielding a +0 whip.
A bat comes into view.
You hit the kobold but do no damage. The kobold hits you with a +0 whip.
You hit the kobold.
You kill the kobold!
You barely miss the bat. The bat hits you but does no damage.
The bat misses you.
You completely miss the bat. The bat misses you.
You hit the bat.
The bat is heavily wounded.
The bat barely misses you. The bat closely misses you.
The bat hits you but does no damage.
You hit the bat.
You kill the bat!
You have reached level 2!
Things that are here:
a +0 whip; 2 stones; a kobold corpse
g - 2 stones
Found 16 gold pieces and a scroll labelled DIEPIYM WEGG.
An endoplasm comes into view.
Found 15 gold pieces.
The endoplasm quivers.
A hobgoblin and a bat come into view.
The hobgoblin shouts!
The bat misses you.
You barely miss the bat. The bat hits you but does no damage.
The bat barely misses you. The endoplasm barely misses you.
A rat comes into view.
The bat hits you but does no damage.
You hit the endoplasm.
You kill the endoplasm!
You barely miss the bat. The bat hits you but does no damage.
The hobgoblin hits you.
Your Axes skill increases to level 3!
You hit the hobgoblin.
The hobgoblin is lightly wounded.
The bat barely misses you. The hobgoblin barely misses you.
You barely miss the hobgoblin.
The hobgoblin is lightly wounded.
You hit the rat. The bat hits you but does no damage.
The rat completely misses you.
The hobgoblin hits you but does no damage.
You hit the rat.
You kill the rat!
You hit the hobgoblin but do no damage. The bat closely misses you.
The hobgoblin barely misses you.
You hit the hobgoblin but do no damage. The bat hits you but does no damage.
The hobgoblin misses you.
You hit the hobgoblin but do no damage.
A bat comes into view.
The hobgoblin closely misses you. The bat hits you but does no damage.
You closely miss the bat. You hit the hobgoblin but do no damage.
The bat closely misses you. The hobgoblin closely misses you.
The hobgoblin hits you.
You hit the hobgoblin but do no damage. The bat hits you but does no damage. x2
The hobgoblin closely misses you.
You hit the hobgoblin but do no damage. You hit the bat but do no damage.
The bat hits you but does no damage. The bat closely misses you.
The hobgoblin hits you but does no damage.
You hit the bat.
The bat is severely wounded.
You hit the hobgoblin. The bat misses you. The hobgoblin misses you.
The bat hits you.
You hit the hobgoblin.
You kill the hobgoblin!
You hit the bat.
You kill the bat!
The bat hits you but does no damage. The bat hits you but does no damage.
You closely miss the bat.
The bat is moderately wounded.
The bat hits you but does no damage. x2
You completely miss the bat. The bat barely misses you.
The bat hits you but does no damage.
You see here a bat corpse.
The bat misses you.
You barely miss the bat. The bat hits you but does no damage.
The bat closely misses you.
You barely miss the bat. The bat barely misses you. The bat barely misses you.
You see here a bat corpse.
The bat attacks as it pursues you! The bat hits you but does no damage.
The bat barely misses you.
You closely miss the bat. The bat hits you but does no damage. x2
The bat closely misses you. x2; The bat barely misses you.
You see here 15 gold pieces.
You hit the bat.
The bat is moderately wounded.
The bat closely misses you. The bat barely misses you.
You hit the bat.
You kill the bat!
You now have 33 gold pieces (gained 15).
Found a robe.
You now have 49 gold pieces (gained 16).
Found a clear potion.
h - a clear potion
Found a puce potion.
i - a puce potion
j - a scroll labelled DIEPIYM WEGG
Found a stone staircase leading down.
A bat comes into view.
The bat hits you but does no damage.
You hit the bat.
The bat is moderately wounded.
The bat hits you but does no damage.
You open the door. The bat barely misses you.
A rat comes into view.
There is an open door here.
You hit the bat.
You kill the bat!
Training target 1.0 for Stealth reached!
Your Stealth skill increases to level 1!
The rat closely misses you.
You completely miss the rat. The rat bites you but does no damage.
You hit the rat.
You kill the rat!
No target in view!
Found a stone staircase leading down.
There is a stone staircase leading down here.
You climb downwards.
There is a stone staircase leading up here.
A rat and an endoplasm come into view.
The rat squeaks loudly.
The endoplasm quivers.
Found a pair of boots.
A ball python comes into view.
Found a stone staircase leading down.
The ball python hisses angrily.
The rat bites you but does no damage.
You hit the rat but do no damage. The rat barely misses you.
You hit the rat.
The rat is severely wounded.
The rat bites you but does no damage. The ball python misses you. x2
You hit the rat.
You kill the rat!
You hit the endoplasm.
You hit the ball python but do no damage.
The ball python barely misses you. The ball python closely misses you.
The endoplasm freezes you.
You are frozen.
You hit the endoplasm.
You kill the endoplasm!
You barely miss the ball python. The ball python completely misses you.
The ball python grabs you. The ball python constricts you.
The ball python bites you but does no damage.
The ball python constricts you.
You completely miss the ball python. The ball python closely misses you.
The ball python constricts you.
You hit the ball python but do no damage.
The ball python bites you but does no damage.
The ball python constricts you.
You barely miss the ball python. The ball python barely misses you.
The ball python constricts you. The ball python bites you.
The ball python constricts you.
You slash the ball python!
You kill the ball python!
No target in view!
No target in view!
You see here a ball python corpse.
You see here a +0 pair of boots.
You start putting on your armour.
You continue putting on your +0 pair of boots. x4
You finish putting on your +0 pair of boots.
Found a spear.
There is a stone staircase leading down here.
You climb downwards.
There is a stone staircase leading up here.
There is a stone staircase leading up here.
You climb upwards.
There is a stone staircase leading down here.
Found a scroll labelled DIEPIYM WEGG.
Found 9 gold pieces.
You see here a +0 spear.
l - a +0 spear HP restored.
A goblin comes into view. It is wielding a +0 dagger.
The goblin shouts!
You hear an angry hiss.
A ball python comes into view.
The ball python moves out of view.
You see here a scroll labelled DIEPIYM WEGG.
j - 2 scrolls labelled DIEPIYM WEGG (gained 1)
You hit the goblin.
The goblin is severely wounded.
You hit the ball python.
You kill the ball python!
The goblin hits you but does no damage. The goblin barely misses you.
You hit the goblin.
You kill the goblin!
No target in view!
Things that are here:
a +0 dagger; a goblin corpse A bat comes into view.
You see here 9 gold pieces.
You now have 58 gold pieces (gained 9).
The bat hits you but does no damage.
You hit the bat but do no damage. The bat hits you but does no damage.
The bat hits you but does no damage.
You hit the bat.
You kill the bat!
A giant cockroach comes into view.
You hit the giant cockroach.
You kill the giant cockroach!
You have reached level 3!
Your experience leads to an increase in your attributes!
Increase (S)trength, (I)ntelligence, or (D)exterity?
You feel stronger. x2
As you open the door, it creaks loudly!
There is an open door here.
An adder comes into view.
The adder hisses angrily.
You barely miss the adder. The adder closely misses you.
You slash the adder!
The adder is almost dead.
The adder barely misses you.
You hit the adder.
You kill the adder!
Your Armour skill increases to level 1!
No target in view!
Found a dagger.
You see here an adder corpse.
A rat comes into view.
The rat squeaks loudly.
The rat bites you.
You hit the rat.
You kill the rat!
No target in view!
HP restored.
Found 11 gold pieces.
Found a beast talisman.
You now have 69 gold pieces (gained 11).
A quokka comes into view.
You see here a beast talisman.
A quokka is nearby!
The quokka closely misses you.
You hit the quokka but do no damage. The quokka barely misses you.
You barely miss the quokka.
The quokka bites you but does no damage.
You barely miss the quokka.
The quokka bites you but does no damage.
You hit the quokka but do no damage. The quokka barely misses you. x2
You hit the quokka.
You kill the quokka!
No target in view!
You open the door.
Found a glowing short sword.
There is an open door here.
You see here a +4 short sword.
m - a +4 short sword You open the door.
There is an open door here.
You open the door.
A rat and a goblin come into view.
The rat squeaks loudly.
The goblin shouts!
Found a flail.
There is an open door here.
The goblin closely misses you.
You hit the goblin.
You kill the goblin!
You hit the rat.
You kill the rat!
No target in view!
Things that are here:
a +0 dagger; a goblin corpse As you open the door, it creaks loudly!
There is an open door here.
You open the door.
There is an open door here.
Found a stormy altar of Qazlal.
You open the door.
Found a scroll labelled DIEPIYM WEGG.
There is an open door here.
A bat comes into view.
The bat barely misses you. The bat hits you but does no damage.
You see here a scroll labelled DIEPIYM WEGG.
You hit the bat.
The bat is moderately wounded.
The bat hits you but does no damage. The bat closely misses you.
You barely miss the bat.
The bat is moderately wounded.
The bat closely misses you. The bat completely misses you.
There are no items here.
The bat attacks as it pursues you! The bat closely misses you.
The bat barely misses you.
You see here a scroll labelled DIEPIYM WEGG.
j - 3 scrolls labelled DIEPIYM WEGG (gained 1)
The bat hits you but does no damage. The bat closely misses you.
You hit the bat.
The bat is severely wounded.
The bat hits you but does no damage. The bat closely misses you.
The bat hits you but does no damage.
You barely miss the bat.
The bat is severely wounded.
The bat misses you. x2
You hit the bat.
You kill the bat!
A dart slug comes into view.
Found 6 poisoned darts.
The dart slug launches a dart at you. The slug dart misses you.
You hit the dart slug.
The dart slug is heavily wounded.
The dart slug bites you but does no damage.
You hit the dart slug.
The dart slug is almost dead.
The dart slug bites you but does no damage.
You hit the dart slug.
You kill the dart slug!
No target in view!
You see here a dart slug corpse.
You see here 6 poisoned darts.
n - 6 poisoned darts You open the door.
A rat comes into view.
The rat squeaks loudly.
There is an open door here.
The rat closely misses you.
You hit the rat.
You kill the rat!
No target in view!
You open the door.
An adder comes into view.
The adder hisses angrily.
There is an open door here.
The adder bites you but does no damage.
You slash the adder!
The adder is severely wounded.
The adder closely misses you. x2
You closely miss the adder.
The adder is severely wounded.
The adder closely misses you.
You hit the adder.
You kill the adder!
No target in view!
No target in view!
No target in view!
No target in view!
There is an open door here.
You open the door.
There is an open door here.
As you open the door, it creaks loudly!
There is an open door here.
You open the door.
There is an open door here.
You open the door.
There is an open door here.
There is an open door here.
You open the door.
There is an open door here.
Found 5 stones.
g - 7 stones (gained 5)
You open the door.
There is an open door here.
A kobold comes into view. It is wielding a +0 short sword.
Found 5 gold pieces.
The kobold throws a stone.
The stone barely misses you.
A kobold is nearby!
The kobold closely misses you.
You hit the kobold.
The kobold is heavily wounded.
The kobold hits you but does no damage.
You hit the kobold.
You kill the kobold!
No target in view!
g - 11 stones (gained 4)
Things that are here:
a +0 short sword; a kobold corpse You now have 74 gold pieces (gained 5).
A kobold comes into view. It is wielding a +0 whip.
The kobold shouts!
You hear an angry hiss.
Natasha, Servant of Life and Death comes into view.
Natasha hisses.
Unknown command.
You hit the kobold.
You kill the kobold!
Natasha casts a spell at you. You resist with significant effort.
Things that are here:
a +0 whip; a kobold corpse You hit Natasha but do no damage.
Natasha claws you but does no damage.
You closely miss Natasha. Natasha claws you.
You hit Natasha but do no damage.
Natasha mumbles some strange words.
You barely miss Natasha. Natasha barely misses you.
Natasha howls an incantation.
Natasha shimmers violently.
Natasha claws you but does no damage.
You hit Natasha.
Natasha is lightly wounded.
The cerulean imp hits you from afar with a +0 spear.
Natasha claws you.
You hit Natasha but do no damage.
Natasha is lightly wounded.
The cerulean imp hits you but does no damage.
Natasha claws you.
You closely miss Natasha.
Natasha is lightly wounded.
The cerulean imp closely misses you. Natasha claws you!
* * * LOW HITPOINT WARNING * * *
Cleave: a) +0 hand axe
Press: ? - help, Dir - move target, f - Natasha
Aim: Natasha (lightly wounded, haloed, about 29% to evade your +0 hand axe)
You hit Natasha.
Natasha is moderately wounded.
The cerulean imp closely misses you.
Natasha wildly gestures.
Natasha shimmers violently.
Natasha closely misses you.
The cerulean imp hits you but does no damage.
Cleave: a) +0 hand axe
Press: ? - help, Dir - move target, f/p - Natasha
Aim: Natasha (moderately wounded, haloed, about 29% to evade your +0 hand axe)
You hit Natasha but do no damage.
Natasha is moderately wounded.
Natasha claws you.
* * * LOW HITPOINT WARNING * * *
The cerulean imp completely misses you.
You aren't carrying any items that you can evoke.
Cleave: a) +0 hand axe
Press: ? - help, Dir - move target, f/p - Natasha
Aim: Natasha (moderately wounded, haloed, about 29% to evade your +0 hand axe)
You barely miss Natasha.
Natasha is moderately wounded.
Natasha casts a spell at you. The magic dart hits you.
* * * LOW HITPOINT WARNING * * *
The cerulean imp hits you from afar with a +0 spear.
You die...

# #.# #)# #
###'########.# #
#..........#.# #
#..........#.#
#####..........#.#
#.......########.#
#.......# #.#####
#.......# #.#...
........#
#####@#.####
.....##.#
#....h.....#
.....##.#
#.###5........
.....##.#
..........#
#######.#
#..######### # #.#
#.. # #+# #.. #
#.. . #.


You could see Natasha and a cerulean imp (summoned).

Vanquished Creatures
  2 adders (D:2)
  A dart slug (D:2)
  2 ball pythons (D:2)
  6 bats
  3 endoplasms
  A giant cockroach (D:2)
  2 goblins (D:2)
  2 hobgoblins (D:1)
  2 quokkas
  A frilled lizard (D:1)
  3 kobolds
  7 rats
32 creatures vanquished.

Notes
Turn   | Place    | Note
-------+----------+-------------------------------------------
     0 | D:1      | jagoly the Gargoyle Monk began the quest for the Orb.
     0 | D:1      | Reached XP level 1. HP: 14/14 MP: 1/1
   110 | D:1      | Reached XP level 2. HP: 19/19 MP: 2/2
   196 | D:1      | Reached skill level 1 in Stealth
   278 | D:2      | Reached XP level 3. HP: 23/23 MP: 3/3
   289 | D:2      | Reached skill level 1 in Armour
   363 | D:2      | Found a stormy altar of Qazlal.
   563 | D:2      | Noticed Natasha
   580 | D:2      | Slain by a cerulean imp

Illustrated notes

Levels and vault maps discovered:
D:1:      lemuel_arrival_rhombus, layout_basic, minmay_tall_x
D:2:      layout_basic, basic_ecumenical_altar, basic_altar, uniq_natasha,
          uniq_sigmund
D:3:      layout_basic, mainiacjoe_overflow_small_starburst

Skill      XL: |  1  2  3 |
---------------+----------+-----
Axes           | 3 |  3.5
Stealth        | 1 |  1.0
Armour         | 1 |  1.3
Fighting       | |  3.8
Dodging        | |  2.4

Action                     || total
---------------------------++-------
  Melee: Hand axe          ||    88
 Armour: Robe              ||     4
         Ring mail         ||    62
  Dodge: Dodged            ||    78
